Unix NetHack Version 5.0.0-0 post-release - last build Jun 10 2026 00:39:30 (3ee93aec679c4c4259841fe613dc97188e26a321,branch:main).

Game began 2026-06-13 21:37:23, ended 2026-06-14 07:32:39.

LDaviesPeters, neutral female human Archeologist

                                                           ---------
                                      -----------          |.......|
                                      |.........|       ###........|
 ---------                            |...{.....|      ##  |.......-#
 |!?/??!!|     -----------------      |......>..|     ##   ---------#
 |!..%.%%|     |........|+...|..######|.........|     #             #
 |!.%+..(|     |(.......|....|.|     #|.........|     #             #
 |.......|     |........|.)..|..#    #+.........|   ###             ##
 ---|-----     |........|....|.|#    #------.----   #                #-----
    #          |........|....|.|#####################                #....|
    #          |........-+--+-.|##          #       ###########`      |...|
    #          |...............|#           #     ###          *##    |^..|
    #          |...............|#           ###   #              #    |...|
    #   #    ##-...............|####          #  ##              #    |...|
 ---@---.-   # |...............|   #  --------.--#               #####-...|
 |.oifF>..#### -----------------   ###|.......<.|#                    -----
 |.......|                           #-.........-#
 |.......|                            |.........|
 ---------                            -----------

LDaviesPeters the Field Worker  St:11 Dx:12 Co:10 In:14 Wi:17 Ch:12  Neutral
Dlvl:4  $:0  HP:0(27) Pw:18(18) AC:8  Xp:3 T:2546 

Latest messages:
 You stop.  Your kitten is in the way!
 You hear someone cursing shoplifters.
 You hear bubbling water.
 The door opens.
 In what direction? 2
 The door closes.
 You see here a knife.
 There are several objects here.
 What do you want to drop? [abd-hj-los-uzC or ?*] o
 You drop a spellbook of healing.
 Your movements are now unencumbered.
 The door opens.
 In what direction? 8
 The door resists!
 In what direction? 8
 The door resists!
 In what direction? 8
 The door resists!
 In what direction? 8
 The door resists!
 In what direction? 8
 The door resists!
 In what direction? 8
 The door resists!
 In what direction? 8
 The door closes.
 There is an open door here.
 You see here a worthless piece of yellowish brown glass.
 "Hello, LDaviesPeters!  Welcome again to Akranes' general store!"
 There is an open door here.
 You see here a worthless piece of yellowish brown glass.
 The kitten misses the homunculus.
 i - a worthless piece of yellowish brown glass.
 The hobgoblin wields a curved sword!
 The kitten bites the homunculus.
 The homunculus bites the kitten.
 You miss the homunculus.
 The homunculus bites!
 You are put to sleep by the homunculus!
 The homunculus bites!
 The homunculus bites!
 The homunculus bites!
 The homunculus bites!
 The hobgoblin swings his curved sword.
 The hobgoblin hits!
 The homunculus bites!
 The hobgoblin swings his curved sword.
 The hobgoblin hits!
 You die...
 Do you want your possessions identified? [ynq] (y) q

Inventory:
 Weapons  (')')
  z - 9 blessed +1 darts
  a - a +2 bullwhip (weapon in right hand)
  k - a +0 mace
 Armor    ('[')
  j - an uncursed +0 orcish helm (being worn)
  h - an uncursed +0 leather jacket (being worn)
 Comestibles  ('%')
  t - 2 uncursed slime molds
  d - 7 uncursed food rations
 Wands    ('/')
  u - a blessed wand of undead turning (0:8)
  s - a wand of undead turning (0:4)
 Tools    ('(')
  b - an uncursed sack containing 3 items
  l - an uncursed brass lantern
  e - an uncursed magic whistle
  C - an uncursed oil lamp
  f - a tinning kit (0:52)
 Gems/Stones  ('*')
  i - an uncursed worthless piece of yellowish brown glass
  g - an uncursed touchstone

Contents of the sack:
  77 gold pieces
  an uncursed scroll of remove curse
  a +0 pick-axe

LDaviesPeters the Archeologist's attributes:

Background:
 You were a Field Worker, a level 3 female human Archeologist.
 You were neutral, nominally on a mission for Camaxtli
 who was opposed by Quetzalcoatl (lawful) and Huhetotl (chaotic).
 You were right-handed.
 You were in the Dungeons of Doom, on level 4.
 You entered the dungeon 2546 turns ago.
 There was a new moon in effect when your adventure ended.
 You had 65 experience points, 15 more were needed to attain level 4.

Basics:
 You had 0 out of 27 hit points.
 You had all 18 energy points (spell power).
 Your armor class was 8.
 Your wallet was empty, but
 you had 77 zorkmids stashed away in your pack.
 Autopickup was off.

Final Characteristics:
 Your strength was 11 (limit:18/100).
 Your dexterity was 12 (limit:18).
 Your constitution was 10 (limit:18).
 Your intelligence was 14 (limit:18).
 Your wisdom was 17 (limit:18).
 Your charisma was 12 (limit:18).

Final Status:
 You weren't hungry.
 You were unencumbered.
 You were wielding a whip.
 You had basic skill with whip.

Final Attributes:
 You were piously aligned.
 You had automatic searching.
 You are dead.

Miscellaneous:
 You didn't encounter any bones levels.
 Total elapsed playing time was 27 minutes and 7 seconds.

Major events:
 Turn
    1: LDaviesPeters the neutral female human Archeologist entered the dungeon
 1705: entered the Gnomish Mines
 1919: attained the rank of Field Worker (level 3)
 2546: killed by a hobgoblin, while sleeping

Spells:
 Name                 Level Category     Fail Retention
 healing                1   healing       38%  76%-100%

Skills:
 Fighting Skills
   bare handed combat [Unskilled]
   two weapon combat  [Unskilled]
   riding             [Unskilled]
 Weapon Skills
   dagger             [Unskilled]
   knife              [Unskilled]
   pick-axe           [Basic]
   short sword        [Unskilled]
   saber              [Unskilled]
   club               [Unskilled]
   quarterstaff       [Unskilled]
   sling              [Unskilled]
   dart               [Unskilled]
   boomerang          [Unskilled]
   whip               [Basic]
   unicorn horn       [Unskilled]
 Spellcasting Skills
   attack spells      [Unskilled]
   healing spells     [Unskilled]
   divination spells  [Unskilled]
   matter spells      [Unskilled]

Voluntary challenges:
 Character rerolling was not enabled.
 You were an atheist.
 You never genocided any monsters.
 You never polymorphed an object.
 You never changed form.
 You used no wishes.
Achievements:
 You entered a shop.
 You entered the Gnomish Mines.
 You attained the rank of Field Worker.

 The Dungeons of Doom: levels 1 to 5
    Level 1:
    Level 2:
       A general store, many trees.
    Level 3:
    Level 4: <- You were here.
       A general store, a fountain.
       Stairs down to The Gnomish Mines.
       Final resting place for
          you, killed by a hobgoblin, while sleeping.
    Level 5:
 The Gnomish Mines:
    Level 5:


Vanquished creatures:
  2 dwarf zombies
 an iguana
  a large kobold
  2 giant rats
  2 gnomes
  a gecko
  2 jackals
  2 kobolds
  a goblin
  a sewer rat
  5 grid bugs
  a bat
  a lichen
  a kobold zombie
  3 newts
26 creatures vanquished.

No species were genocided or became extinct.

Game over:
                       ----------
                      /          \
                     /    REST    \
                    /      IN      \
                   /     PEACE      \
                  /                  \
                  |  LDaviesPeters   |
                  |      77 Au       |
                  |   killed by a    |
                  |    hobgoblin     |
                  |                  |
                  |                  |
                  |       2026       |
                 *|     *  *  *      | *
        _________)/\\_//(\/(/\)/\//\/|_)_______

Goodbye LDaviesPeters the Archeologist...

You died in The Dungeons of Doom on dungeon level 4 with 530 points,
and 77 pieces of gold, after 2546 moves.
You were level 3 with a maximum of 27 hit points when you died.

